SL
NORFOLK CRUISERS @ CHICAGO GOLD SOX
05/20/2018
 
TOP OF THE 1ST
Norfolk Cruisers batting - Pitching for Chicago Gold Sox : RHP Guillermo Pérez
Pitching: RHP Guillermo Pérez
Batting: LHB José Meléndez 0-0: Swinging Strike
0-1: Called Strike
0-2: Strikes out swinging
Batting: RHB Xie-li Kan 0-0: Ball
1-0: Called Strike
1-1: Called Strike
1-2: Ball
2-2: Ball
3-2: Ground out 1-3 (Groundball, 3S)
Batting: RHB Carlos Rodríguez 0-0: Ball
1-0: Ball
2-0: SINGLE (Line Drive, 78S)
Batting: RHB Jorge Gómez 0-0: Called Strike
0-1: Foul Ball, location: 2F
0-2: Foul Ball, location: 2F
0-2: Ball
1-2: Ball
2-2: Fly out, F5 (Popup, 5)
Top of the 1st over - 0 run(s), 1 hit(s), 0 error(s), 1 left on base; Norfolk 0 - Chicago 0
BOTTOM OF THE 1ST
Chicago Gold Sox batting - Pitching for Norfolk Cruisers : RHP Gonçalo Conxacha
Pitching: RHP Gonçalo Conxacha
Batting: RHB Leandro Tuzzi 0-0: Swinging Strike
0-1: Ball
1-1: Ball
2-1: Ball
3-1: Base on Balls
Batting: LHB Earl Ellis 0-0: Fly out, F7 (Flyball, 78XD)
Batting: RHB Pablo Trujillo 0-0: Ball
1-0: Ball
2-0: Foul Ball, location: 2F
2-1: Ball
3-1: Swinging Strike
3-2: Ground out 3-1 (Groundball, 34)
Leandro Tuzzi to second
Batting: LHB Vicente Martínez 0-0: Ball
1-0: Ball
2-0: Foul Ball, location: 2F
2-1: SINGLE (Flyball, 5D) - OUT at second base trying to stretch hit.
Leandro Tuzzi scores
Bottom of the 1st over - 1 run(s), 1 hit(s), 0 error(s), 0 left on base; Norfolk 0 - Chicago 1
TOP OF THE 2ND
Norfolk Cruisers batting - Pitching for Chicago Gold Sox : RHP Guillermo Pérez
Batting: RHB David Gómez 0-0: Ball
1-0: Ball
2-0: Called Strike
2-1: Ground out 4-3 (Groundball, 4)
Batting: RHB Terry Sylvester 0-0: Ball
1-0: Ball
2-0: Ball
3-0: Called Strike
3-1: Ground out 6-3 (Groundball, 6)
Batting: RHB Bill Childers 0-0: Ground out 1-3 (Groundball, 13)
Top of the 2nd over - 0 run(s), 0 hit(s), 0 error(s), 0 left on base; Norfolk 0 - Chicago 1
BOTTOM OF THE 2ND
Chicago Gold Sox batting - Pitching for Norfolk Cruisers : RHP Gonçalo Conxacha
Batting: LHB Noel Ballard 0-0: Ball
1-0: Called Strike
1-1: Swinging Strike
1-2: Ball
2-2: Foul Ball, location: 2F
2-2: DOUBLE (Line Drive, 78M)
Batting: LHB Norm Ortega 0-0: Called Strike
0-1: Ball
1-1: Ball
2-1: Foul Ball, location: 2F
2-2: Foul Ball, location: 2F
2-2: Strikes out swinging
Batting: RHB Mike Brown 0-0: Ball
1-0: Ball
Noel Ballard steals 3rd base
2-0: SINGLE (Popup, 34)
Noel Ballard scores
Batting: RHB Daniel Lallanilla 0-0: Ball
Mike Brown steals 2nd base
1-0: Ball
2-0: Ball
3-0: Called Strike
3-1: SINGLE (Groundball, 56D)
Mike Brown to third
Runner from 3rd tries for Home, SAFE, no throw or cutoff
Batting: RHB Guillermo Pérez 0-0: Called Strike
0-1: Sac Bunt - play at first, batter OUT! 3-4
Daniel Lallanilla to second
Batting: RHB Leandro Tuzzi 0-0: Foul Ball, location: 2F
0-1: Ball
1-1: Swinging Strike
1-2: SINGLE (Groundball, 5D)
Daniel Lallanilla to third
Runner from 3rd tries for Home, SAFE, no throw or cutoff
Batting: LHB Earl Ellis 0-0: Ball
1-0: Ball
2-0: Ball
3-0: Called Strike
3-1: Ground out 1-3 (Groundball, 13)
Bottom of the 2nd over - 3 run(s), 4 hit(s), 0 error(s), 1 left on base; Norfolk 0 - Chicago 4
TOP OF THE 3RD
Norfolk Cruisers batting - Pitching for Chicago Gold Sox : RHP Guillermo Pérez
Batting: RHB Floyd Mitchell 0-0: Called Strike
0-1: Ball
1-1: Ground out 6-3 (Groundball, 6MS)
Batting: RHB Gonçalo Conxacha 0-0: Ball
1-0: Ground out 5-3 (Groundball, 56S)
Batting: LHB José Meléndez 0-0: Called Strike
0-1: Ground out 6-3 (Groundball, 6)
Top of the 3rd over - 0 run(s), 0 hit(s), 0 error(s), 0 left on base; Norfolk 0 - Chicago 4
BOTTOM OF THE 3RD
Chicago Gold Sox batting - Pitching for Norfolk Cruisers : RHP Gonçalo Conxacha
Batting: RHB Pablo Trujillo 0-0: Swinging Strike
0-1: Swinging Strike
Reached via error on a dropped throw, E3
Batting: LHB Vicente Martínez 0-0: Ball
Pablo Trujillo is caught stealing 2nd base
1-0: Foul Ball, location: 2F
1-1: Foul Ball, location: 2F
1-2: Foul Ball, location: 2F
1-2: DOUBLE (Line Drive, 8LXD)
Batting: LHB Noel Ballard 0-0: Swinging Strike
0-1: Ball
1-1: Foul Ball, location: 2F
1-2: Ball
2-2: Fly out, F7 (Flyball, 7LM)
2-2: Lined into DP, 7-4 (Flyball, 7LM)
Bottom of the 3rd over - 0 run(s), 1 hit(s), 1 error(s), 0 left on base; Norfolk 0 - Chicago 4
TOP OF THE 4TH
Norfolk Cruisers batting - Pitching for Chicago Gold Sox : RHP Guillermo Pérez
Batting: RHB Xie-li Kan 0-0: Ball
1-0: Ground out 6-3 (Groundball, 6M)
Batting: RHB Carlos Rodríguez 0-0: Swinging Strike
0-1: SINGLE (Groundball, 56D)
Batting: RHB Jorge Gómez 0-0: Called Strike
0-1: Ball
1-1: Called Strike
1-2: Ball
2-2: Foul Ball, location: 2F
2-2: Foul Ball, location: 2F
2-2: SINGLE (Groundball, 4MD)
Carlos Rodríguez to second
Runner from 2nd tries for 3rd, SAFE, throw made to third
Batting: RHB David Gómez 0-0: Reached on error, E1 (Groundball, 13S)
Carlos Rodríguez scores
Jorge Gómez to second
Batting: RHB Terry Sylvester 0-0: Foul Ball, location: 2F
0-1: Ball
1-1: Swinging Strike
1-2: DOUBLE (Groundball, 5L)
Jorge Gómez scores
David Gómez to third
Batting: RHB Bill Childers 0-0: Swinging Strike
0-1: Ball
1-1: Called Strike
1-2: Ball
2-2: Fly out, F5 (Line Drive, 56)
Batting: RHB Floyd Mitchell 0-0: Intentional Walk
Batting: RHB Gonçalo Conxacha 0-0: Called Strike
0-1: Ball
1-1: Ball
2-1: Called Strike
2-2: Ball
3-2: Strikes out looking
Top of the 4th over - 2 run(s), 3 hit(s), 1 error(s), 3 left on base; Norfolk 2 - Chicago 4
BOTTOM OF THE 4TH
Chicago Gold Sox batting - Pitching for Norfolk Cruisers : RHP Gonçalo Conxacha
Batting: LHB Norm Ortega 0-0: Ground out 4-3 (Groundball, 4M)
Batting: RHB Mike Brown 0-0: Ball
1-0: Foul Ball, location: 2F
1-1: Ground out 6-3 (Groundball, 6)
Batting: RHB Daniel Lallanilla 0-0: Called Strike
0-1: Ball
1-1: Swinging Strike
1-2: Ground out 6-3 (Groundball, 6M)
Bottom of the 4th over - 0 run(s), 0 hit(s), 0 error(s), 0 left on base; Norfolk 2 - Chicago 4
TOP OF THE 5TH
Norfolk Cruisers batting - Pitching for Chicago Gold Sox : RHP Guillermo Pérez
Batting: LHB José Meléndez 0-0: Ball
1-0: Fly out, F6 (Line Drive, 6)
Batting: RHB Xie-li Kan 0-0: Swinging Strike
0-1: Foul Ball, location: 2F
0-2: Foul Ball, location: 2F
0-2: Ball
1-2: Ball
2-2: Ground out 5-3 (Groundball, 56)
Batting: RHB Carlos Rodríguez 0-0: Called Strike
0-1: Ground out 6-3 (Groundball, 6)
Top of the 5th over - 0 run(s), 0 hit(s), 0 error(s), 0 left on base; Norfolk 2 - Chicago 4
BOTTOM OF THE 5TH
Chicago Gold Sox batting - Pitching for Norfolk Cruisers : RHP Gonçalo Conxacha
Batting: RHB Guillermo Pérez 0-0: Ground out 1-3 (Groundball, 13S)
Batting: RHB Leandro Tuzzi 0-0: Foul Ball, location: 2F
0-1: Fly out, F9 (Flyball, 9S)
Batting: LHB Earl Ellis 0-0: Fly out, F8 (Flyball, 8LM)
Bottom of the 5th over - 0 run(s), 0 hit(s), 0 error(s), 0 left on base; Norfolk 2 - Chicago 4
TOP OF THE 6TH
Norfolk Cruisers batting - Pitching for Chicago Gold Sox : RHP Guillermo Pérez
Batting: RHB Jorge Gómez 0-0: Called Strike
0-1: Ball
1-1: Ball
2-1: Fly out, F8 (Flyball, 8LM)
Batting: RHB David Gómez 0-0: Foul Ball, location: 2F
0-1: Foul Ball, location: 2F
0-2: Ball
1-2: Ball
2-2: Fly out, F9 (Flyball, 9D)
Batting: RHB Terry Sylvester 0-0: Called Strike
0-1: Ground out 5-3 (Groundball, 56S)
Top of the 6th over - 0 run(s), 0 hit(s), 0 error(s), 0 left on base; Norfolk 2 - Chicago 4
BOTTOM OF THE 6TH
Chicago Gold Sox batting - Pitching for Norfolk Cruisers : RHP Gonçalo Conxacha
Batting: RHB Pablo Trujillo 0-0: Foul Ball, location: 2F
0-1: Ground out 6-3 (Groundball, 6)
Batting: LHB Vicente Martínez 0-0: Called Strike
0-1: Ball
1-1: Foul Ball, location: 2F
1-2: Ball
2-2: Foul Ball, location: 2F
2-2: Strikes out swinging
Batting: LHB Noel Ballard 0-0: Foul Ball, location: 2F
0-1: Ball
1-1: Foul Ball, location: 2F
1-2: Strikes out swinging
Bottom of the 6th over - 0 run(s), 0 hit(s), 0 error(s), 0 left on base; Norfolk 2 - Chicago 4
TOP OF THE 7TH
Norfolk Cruisers batting - Pitching for Chicago Gold Sox : RHP Guillermo Pérez
Batting: RHB Bill Childers 0-0: Fly out, F3 (Popup, 3L)
Batting: RHB Floyd Mitchell 0-0: Called Strike
0-1: Swinging Strike
0-2: Ground out 6-3 (Groundball, 6S)
Pinch Hitting: RHB Kyle Dempsey 0-0: Ball
1-0: Fly out, F9 (Flyball, 8RD)
Top of the 7th over - 0 run(s), 0 hit(s), 0 error(s), 0 left on base; Norfolk 2 - Chicago 4
BOTTOM OF THE 7TH
Chicago Gold Sox batting - Pitching for Norfolk Cruisers : RHP Gonçalo Conxacha
Pitching: LHP Denver Johnston
Batting: LHB Norm Ortega 0-0: Called Strike
0-1: Foul Ball, location: 2F
0-2: Ball
1-2: SINGLE (Groundball, 15S) (infield hit)
Batting: RHB Mike Brown 0-0: Called Strike
0-1: Ball
1-1: Fly out, F7 (Flyball, 7LM)
1-1: Lined into DP, 7-3 (Flyball, 7LM)
Batting: RHB Daniel Lallanilla 0-0: Ball
1-0: Fly out, F8 (Flyball, 78M)
Bottom of the 7th over - 0 run(s), 1 hit(s), 0 error(s), 0 left on base; Norfolk 2 - Chicago 4
TOP OF THE 8TH
Norfolk Cruisers batting - Pitching for Chicago Gold Sox : RHP Guillermo Pérez
Now at 3B: Craig Stewart
Batting: LHB José Meléndez 0-0: Called Strike
0-1: Foul Ball, location: 2F
0-2: Ball
1-2: Ground out 6-3 (Groundball, 6)
Pitching: LHP Billy Black
Now at 3B: Max White
Batting: RHB Xie-li Kan 0-0: Fly out, F8 (Flyball, 8LM)
Batting: RHB Carlos Rodríguez 0-0: Foul Ball, location: 2F
0-1: Ground out 1-3 (Groundball, 25)
Top of the 8th over - 0 run(s), 0 hit(s), 0 error(s), 0 left on base; Norfolk 2 - Chicago 4
BOTTOM OF THE 8TH
Chicago Gold Sox batting - Pitching for Norfolk Cruisers : LHP Denver Johnston
Batting: RHB Max White 0-0: SINGLE (Groundball, 6MD)
Batting: RHB Leandro Tuzzi 0-0: Foul Ball, location: 2F
0-1: Ball
1-1: Ball
2-1: Fly out, F3 (Popup, 3F)
Batting: LHB Earl Ellis 0-0: Ball
1-0: Fly out, F4 (Line Drive, 34)
Batting: RHB Pablo Trujillo 0-0: Called Strike
0-1: Fly out, F3 (Popup, 3)
Bottom of the 8th over - 0 run(s), 1 hit(s), 0 error(s), 1 left on base; Norfolk 2 - Chicago 4
TOP OF THE 9TH
Norfolk Cruisers batting - Pitching for Chicago Gold Sox : LHP Billy Black
Pitching: RHP Lorenzo Marín
Now at 2B: John Farrell
Batting: RHB Jorge Gómez 0-0: Called Strike
0-1: Foul Ball, location: 2F
0-2: Ball
1-2: Ball
2-2: SINGLE (Groundball, 6MD) (infield hit)
Batting: RHB David Gómez 0-0: Called Strike
0-1: Fly out, F8 (Flyball, 8RM)
Batting: RHB Terry Sylvester 0-0: Called Strike
0-1: Called Strike
0-2: Strikes out looking
Batting: RHB Bill Childers 0-0: Foul Ball, location: 2F
0-1: Ball
1-1: SINGLE (Flyball, 7S)
Jorge Gómez to second
Batting: RHB Floyd Mitchell 0-0: Called Strike
0-1: Foul Ball, location: 2F
0-2: Ball
1-2: Ball
2-2: Foul Ball, location: 2F
2-2: Fielders Choice at 2nd, 5-4 (Groundball, 56)
Top of the 9th over - 0 run(s), 2 hit(s), 0 error(s), 1 left on base; Norfolk 2 - Chicago 4
This league is powered by Out of the Park Baseball, the baseball management simulation game for PC, Mac and Linux
Monday, May 4th, 2015 - OOTP Baseball 15.6 Build 34